 Dungeon Crawl Stone Soup version 0.22.0-78-g6c94d2c (webtiles) character file.

84667 MalarOregon the Cleaver (level 15, -7/205 HPs)
             Began as a Hill Orc Fighter on Sept 16, 2018.
             Was the Champion of Beogh.
             Blown up by an orb spider (35 damage)
             ... with an orb of destruction
             ... on level 3 of the Spider Nest.
             The game lasted 01:01:54 (23023 turns).

MalarOregon the Cleaver (Hill Orc Fighter)         Turns: 23023, Time: 01:01:55

Health: -7/205     AC: 27    Str: 26    XL:     15   Next: 81%
Magic:  0/25       EV:  2    Int:  8    God:    Beogh [******]
Gold:   2359       SH:  0    Dex: 15    Spells: 9/14 levels left

rFire    . . .     SeeInvis +   a - +1 war axe
rCold    . . .     Gourm    .   c - +0 shield
rNeg     + + +     Faith    .   (armour currently unavailable)
rPois    +         Spirit   +   (helmet currently unavailable)
rElec    .         Reflect  .   (cloak currently unavailable)
rCorr    .         Harm     .   (gloves currently unavailable)
MR       +....     NoTele   +   (boots currently unavailable)
Stlth    +.........             y - amulet of guardian spirit
HPRegen  0.44/turn              E - ring of poison resistance
MPRegen  0.19/turn              O - ring "Efiujiwe" {*Drain rN+ Dex+5 Slay+2 SInv, *}

@: tree-form, held
A: walk on water
a: Smiting, Recall Orcish Followers, Give Item to Named Follower, Resurrection,
Renounce Religion


You were on level 3 of the Spider Nest.
You worshipped Beogh.
Beogh was exalted by your worship.
You were not hungry.
You were a tree.
You visited 4 branches of the dungeon, and saw 26 of its levels.
You also visited: Labyrinth.

You collected 2524 gold pieces.
You spent 165 gold pieces at shops.

Inventory:

Hand Weapons
 a - a +1 war axe (weapon)
Missiles
 I - 14 silver javelins
 L - 5 throwing nets (quivered)
 S - 4 steel javelins
Armour
 b - a +0 pair of boots (melded)
 c - a +0 shield (worn)
 t - the +2 helmet of Viac (melded) {*Drain Regen+ Int+2}
   (You took it off Robin on level 2 of the Dungeon)

   It affects your intelligence (+2).
   It increases your rate of regeneration.
   It causes draining when unequipped.
 T - a +4 plate armour of magic resistance (melded)
 U - a +0 cloak (melded)
 W - a +1 pair of gloves (melded)
Jewellery
 s - an uncursed ring of ice
 x - an uncursed ring of fire
 y - an amulet of guardian spirit (around neck)
 E - a ring of poison resistance (left branch)
 N - the ring of Xuehimi {rElec rF- Str+2 Dex+4 Slay+1}
   (You found it in a labyrinth)

   [ring of slaying]

   It affects your strength (+2).
   It affects your dexterity (+4).
   It affects your accuracy and damage with ranged weapons and melee attacks
   (+1).
   It makes you vulnerable to fire.
   It insulates you from electricity.
 O - the ring "Efiujiwe" (right branch) {*Drain rN+ Dex+5 Slay+2 SInv, *}
   (You found it in a labyrinth)

   [ring of positive energy]

   It affects your dexterity (+5).
   It affects your accuracy and damage with ranged weapons and melee attacks
   (+2).
   It protects you from negative energy.
   It lets you see invisible.
   It causes draining when unequipped.
Wands
 h - a wand of clouds (6)
 n - a wand of flame (71)
 u - a wand of paralysis (19)
 v - a wand of enslavement (24)
 P - a wand of acid (5)
 Z - a wand of iceblast (6)
Scrolls
 e - 4 scrolls of fear
 i - 11 scrolls of teleportation
 j - 3 scrolls of magic mapping
 l - 9 scrolls of remove curse
 o - 3 scrolls of amnesia
 w - 5 scrolls of blinking
 C - a scroll of enchant armour
 D - 8 scrolls of identify
 H - 2 scrolls of vulnerability
 K - a scroll of silence
 M - 4 scrolls of enchant weapon
 X - a scroll of holy word {unknown}
Potions
 d - a potion of might
 g - 10 potions of curing
 k - 11 potions of heal wounds
 m - 5 potions of brilliance
 r - 6 potions of haste
 z - 2 potions of mutation
 A - 6 potions of flight
 B - a potion of invisibility {unknown}
 F - 2 potions of cancellation
 J - 2 potions of resistance {unknown}
 Q - a potion of berserk rage {unknown}
 R - a potion of ambrosia {unknown}
Miscellaneous
 G - a phial of floods
 Y - a phantom mirror
Comestibles
 f - 35 rations


   Skills:
 * Level 13.8 Fighting
 * Level 14.5 Axes
 * Level 12.8 Armour
 + Level 1.6 Dodging
 * Level 12.7 Shields
 + Level 2.0 Fire Magic
 * Level 14.0 Invocations
 + Level 11.1 Evocations


You had 9 spell levels left.
You knew the following spells:

 Your Spells              Type           Power        Failure   Level  Hunger
a - Bolt of Magma         Conj/Fire/Erth #.........   100%        5    ######.

Your spell library contained the following spells:

 Spells                   Type           Power        Failure   Level  Hunger
 Corona                   Hex            #......      50%         1    ##.....
 Infusion                 Chrm           #...         50%         1    ##.....
 Magic Dart               Conj           #...         50%         1    ##.....
 Sandblast                Erth           #.....       50%         1    ##.....
 Ensorcelled Hibernation  Hex/Ice        #.....       65%         2    ###....
 Passwall                 Tmut/Erth      #.......     65%         2    ###....
 Searing Ray              Conj           #.....       65%         2    ###....
 Shroud of Golubria       Chrm/Tloc      #.........   65%         2    ###....
 Song of Slaying          Chrm           #.......     65%         2    ###....
 Confuse                  Hex            #.......     86%         3    ####...
 Dazzling Spray           Conj/Hex       #.....       86%         3    ####...
 Recall                   Summ/Tloc      N/A          86%         3    ####...
 Regeneration             Chrm/Necr      #.........   86%         3    ####...
 Spectral Weapon          Hex/Chrm       #.......     86%         3    ####...
 Stone Arrow              Conj/Erth      #.....       86%         3    ####...
 Tukima's Dance           Hex            #.......     86%         3    ####...
 Force Lance              Conj/Tloc      #.......     99%         4    #####..
 Fulminant Prism          Conj/Hex       #.........   99%         4    #####..
 Iskenderun's Mystic Bla  Conj           #.......     99%         4    #####..
 Leda's Liquefaction      Hex/Erth       #.........   99%         4    #####..
 Petrify                  Tmut/Erth      #.......     99%         4    #####..
 Aura of Abjuration       Summ           #.........   100%        5    ######.
 Lee's Rapid Deconstruct  Erth           #.........   100%        5    ######.
 Summon Demon             Summ           #.........   100%        5    ######.
 Summon Forest            Summ/Tloc      #.........   100%        5    ######.
 Summon Mana Viper        Hex/Summ       #.......     100%        5    ######.
 Iron Shot                Conj/Erth      #.........   100%        6    #######
 Shadow Creatures         Summ           N/A          100%        6    #######
 Statue Form              Tmut/Erth      #........    100%        6    #######
 Shatter                  Erth           #.........   100%        9    #######


Dungeon Overview and Level Annotations

Branches:
Dungeon (15/15)            Temple (0/1) D:7            Lair (6/6) D:10
  Swamp (0/4) Lair:3       Spider (3/4) Lair:3        Slime (0/5) Lair:5
    Orc (2/2) D:11            Elf (0/3) Orc:2        Vaults (0/5) D:13
 Depths (0/5) D:15

Altars:
Cheibriados
Dithmenos
Elyvilon
Kikubaaqudgha
Makhleb
Qazlal
Ru
Sif Muna
Trog
Vehumet
Wu Jian
Xom
Yredelemnul
The Shining One
Jiyva

Shops:
D:4 ?   D:6 [   D:12 =   Orc:2 }((


Message History

The jumping spider bites you but does no damage.
The jumping spider leaps!
A jumping spider comes into view.
The hornet pulls away from the web.
Boghold closely misses the emperor scorpion.
The orb spider weaves a glowing orb of energy.
An orb of destruction comes into view.
You feel less confused.
The jumping spider completely misses you.
The jumping spider bites you but does no damage.
The jumping spider leaps!
The emperor scorpion stings you but does no damage.
The emperor scorpion claws you but does no damage. x2
The jumping spider pounces on you!
* * * LOW HITPOINT WARNING * * *
The jumping spider bites you but does no damage.
Boghold hits the emperor scorpion with the +6 spear "Niruk" {freeze, +Blink Boghold freezes the emperor scorpion.
The orb of destruction hits you!
You die...

....####### ..
§.......^#.###..
.........#.^....
................
................
......s.........
...>....s........
.....s§s†........
...s.y.§♣†.......
.......s.^.......
.......o.........
.................
|................
......†..........
..........^......
.........#####...
...#.......^.####


You could see an emperor scorpion, a wolf spider, 2 orb spiders, a hornet, 2
jumping spiders and the friendly Boghold the orc warlord.

Vanquished Creatures
  Roxanne (Spider:1)
  A minotaur (Lab)
  3 vault guards (D:13)
  4 hydras
  Erolcha (Orc:2)
  A two-headed ogre (D:13)
  9 death yaks
  An unseen horror (D:13)
  An orc knight (Orc:2)
  A wolf spider zombie (D:13)
  An orb spider (Spider:1)
  2 cyclopes
  9 wolf spiders
  A manticore (Lair:6)
  An elephant (Lair:2)
  An orc sorcerer (D:13)
  A salamander (D:15)
  3 black mambas
  3 spiny frogs
  A minotaur zombie (Lab)
  2 centaur skeletons
  A rime drake (Lair:5)
  An efreet (D:14)
  4 demonic crawlers
  9 jumping spiders
  3 trolls
  2 meliai (Lair:4)
  A queen bee (Lair:4)
  A raiju (shapeshifter) (D:15)
  A dream sheep (Lair:5)
  3 hippogriffs
  Grinder (D:5)
  10 blink frogs
  13 redbacks
  A shadow (D:14)
  7 tarantellas
  A wraith (D:10)
  A spriggan (D:12)
  3 wyverns
  Eustachio (D:4)
  A hog (shapeshifter) (D:13)
  A basilisk (shapeshifter) (D:15)
  27 yaks
  A basilisk (Lair:4)
  2 fire elementals (Spider:2)
  A hungry ghost (D:13)
  A swamp worm (Lair:3)
  3 porcupines
  4 sky beasts
  6 orc warriors
  An eye of draining (D:13)
  3 ice beasts
  A phantom (D:7)
  4 ogres
  9 centaurs
  8 wolves
  3 crocodiles
  A big kobold (D:14)
  8 bullfrogs
  A gnoll sergeant (D:11)
  A wyvern zombie (D:9)
  2 scorpions
  17 killer bees (Lair:4)
  7 wights
  3 vampire bats (D:4)
  An electric eel (Lair:5)
  3 crimson imps
  2 howler monkeys
  2 bullfrog zombies
  3 centaur zombies
  2 hounds
  A quasit (D:8)
  5 orc priests
  2 jellies
  A gnoll shaman (D:9)
  3 iguanas
  8 orc wizards
  7 worker ants
  3 hell rats (Lair:4)
  A statue (D:4)
  A hound zombie (D:9)
  Robin (D:2)
  A howler monkey skeleton (D:7)
  8 adders
  7 gnolls
  5 shadow imps
  3 oozes
  2 adder skeletons
  An adder zombie (D:9)
  3 worms
  4 dart slugs
  3 leopard geckos
  18 orcs
  A ball python (D:4)
  4 bat skeletons (D:4)
  2 bat zombies (D:4)
  7 giant cockroaches
  18 goblins
  6 hobgoblins
  19 jackals
  3 quokkas
  10 bats
  2 frilled lizards
  A jackal zombie (D:5)
  6 kobolds
  2 leopard gecko skeletons
  A quokka zombie (D:6)
  5 rats
  A fungus (Lair:2)
417 creatures vanquished.

Vanquished Creatures (collateral kills)
  An entropy weaver (Spider:2)
  Azrael (Spider:2)
  Snorg (Orc:2)
  A vault guard (D:13)
  Harold (D:11)
  3 hydras
  3 catoblepae (Lair:6)
  2 two-headed ogres
  9 death yaks
  An orc high priest (Orc:2)
  A deep elf knight (D:13)
  Sonja (Lair:3)
  7 orb spiders
  A deep elf mage (D:13)
  2 orc knights (Orc:2)
  10 wolf spiders
  2 orc sorcerers (Orc:2)
  2 ugly things
  A manticore (Lair:6)
  5 elephants
  2 centaur zombies (D:14)
  2 black mambas
  9 spiny frogs
  A gargoyle (D:13)
  A torpor snail (Lair:5)
  A rime drake (Lair:6)
  An efreet (D:12)
  4 demonic crawlers
  4 komodo dragons
  A troll (Orc:2)
  2 tengu conjurers
  14 jumping spiders
  A merfolk (D:15)
  11 blink frogs
  2 bog bodies (Lair:3)
  A meliai (Lair:4)
  A harpy skeleton (D:11)
  A hornet (D:12)
  11 hippogriffs
  A dream sheep (Lair:5)
  2 vampires
  28 redbacks
  A wraith (D:12)
  28 yaks
  10 tarantellas
  2 wyverns
  5 basilisks
  A fire elemental (Spider:2)
  A warg (Orc:2)
  A hell hound (Spider:2)
  8 water moccasins
  6 porcupines
  4 orc warriors
  A phantom (D:9)
  A black bear (D:12)
  11 wolves
  4 ogres
  A centaur (D:10)
  6 crocodiles
  5 bullfrogs
  A big kobold (D:9)
  A wyvern zombie (D:14)
  A scorpion (D:12)
  A water moccasin skeleton (D:8)
  16 killer bees
  2 wights
  2 electric eels
  5 howler monkeys
  4 crimson imps
  5 hounds
  3 orc priests
  A bullfrog skeleton (D:10)
  4 orc wizards
  A river rat (Lair:4)
  An adder (D:12)
  A shadow imp (D:14)
  An adder skeleton (D:9)
  4 orcs
  6 kobolds
  A quokka zombie (D:9)
  2 fungi
  2 plants
317 creatures vanquished.

Vanquished Creatures (others)
  2 orc knights
  2 orc high priests
  An orc sorcerer (Spider:1)
  A wolf spider (Spider:2)
  4 orc warriors
  9 orc priests
  4 orc wizards
  25 orcs
  3 jackals (D:3)
  5 fungi
  2 plants
58 creatures vanquished.

Grand Total: 792 creatures vanquished

Notes
Turn   | Place    | Note
-------+----------+-------------------------------------------
     0 | D:1      | MalarOregon the Hill Orc Fighter began the quest for the
                  | Orb.
     0 | D:1      | Reached XP level 1. HP: 19/19 MP: 1/1
   163 | D:1      | Reached XP level 2. HP: 25/27 MP: 2/2
   483 | D:1      | Reached XP level 3. HP: 33/33 MP: 3/3
  1121 | D:2      | Noticed Robin
  1137 | D:2      | Killed Robin
  1137 | D:2      | Reached XP level 4. HP: 20/40 MP: 4/4
  1148 | D:2      | Got a transparent helmet
  1154 | D:2      | Identified the +2 helmet of Viac {*Drain Regen+ Int+2} (You
                  | took it off Robin on level 2 of the Dungeon)
  1249 | D:2      | Found a faded altar of an unknown god.
  1663 | D:3      | Became a worshipper of Beogh the Brigand
  1755 | D:3      | Reached XP level 5. HP: 31/47 MP: 5/5
  1998 | D:3      | Reached skill level 1 in Invocations
  2104 | D:3      | Found a shadowy altar of Dithmenos.
  2460 | D:4      | Reached * piety under Beogh
  2501 | D:4      | Reached skill level 1 in Evocations
  2502 | D:4      | Reached XP level 6. HP: 50/55 MP: 5/7
  2541 | D:4      | Reached skill level 5 in Fighting
  2566 | D:4      | Found Fuokin's Magic Scroll Boutique.
  2580 | D:4      | Bought a scroll of remove curse for 30 gold pieces
  2580 | D:4      | Bought a scroll of identify for 20 gold pieces
  2580 | D:4      | Bought a scroll of blinking for 75 gold pieces
  2580 | D:4      | Bought a scroll of noise for 10 gold pieces
  2580 | D:4      | Bought a scroll of remove curse for 30 gold pieces
  2639 | D:4      | Reached XP level 7. HP: 36/61 MP: 8/8
  2670 | D:4      | Reached skill level 5 in Axes
  2713 | D:4      | Found a radiant altar of Vehumet.
  2819 | D:4      | Found an ancient bone altar of Kikubaaqudgha.
  2832 | D:4      | Reached skill level 5 in Shields
  2930 | D:4      | Noticed Eustachio
  2956 | D:4      | Killed Eustachio
  2956 | D:4      | Reached skill level 5 in Armour
  3320 | D:4      | Found a snail-covered altar of Cheibriados.
  3386 | D:5      | Entered Level 5 of the Dungeon
  3391 | D:5      | Reached XP level 8. HP: 66/70 MP: 10/10
  3419 | D:5      | Reached ** piety under Beogh
  3597 | D:5      | Noticed Grinder
  3610 | D:5      | Killed Grinder
  3913 | D:5      | Found a basalt altar of Yredelemnul.
  3915 | D:5      | Found a burning altar of Makhleb.
  4391 | D:6      | Reached skill level 5 in Invocations
  4526 | D:6      | Reached *** piety under Beogh
  4526 | D:6      | Reached XP level 9. HP: 71/78 MP: 12/12
  4588 | D:6      | Found Opix's Armour Emporium.
  5367 | D:7      | Found a staircase to the Ecumenical Temple.
  5678 | D:8      | Found a white marble altar of Elyvilon.
  5963 | D:8      | Reached skill level 5 in Evocations
  6596 | D:9      | Reached **** piety under Beogh
  6644 | D:9      | Reached XP level 10. HP: 83/88 MP: 13/15
  6661 | D:9      | Found a deep blue altar of Sif Muna.
  6663 | D:9      | Found a sacrificial altar of Ru.
  6663 | D:9      | Found a stormy altar of Qazlal.
  6663 | D:9      | Found a glowing golden altar of the Shining One.
  6670 | D:9      | Found an ornate altar of the Wu Jian Council.
  6672 | D:9      | Found a shimmering altar of Xom.
  6710 | D:9      | Found a bloodstained altar of Trog.
  7000 | D:9      | Noticed a two-headed ogre
  7006 | D:9      | Killed a two-headed ogre
  7124 | D:10     | Entered Level 10 of the Dungeon
  7386 | D:10     | Found a staircase to the Lair.
  7603 | D:10     | Noticed a two-headed ogre
  7610 | D:10     | Killed a two-headed ogre
  8001 | D:11     | Noticed Harold
  8008 | D:11     | Killed Harold
  8065 | D:11     | Noticed a purple ugly thing
  8071 | D:11     | Killed a purple ugly thing
  8071 | D:11     | Reached XP level 11. HP: 93/97 MP: 17/17
  8119 | D:11     | Found a staircase to the Orcish Mines.
  8245 | D:11     | Gained Boghold as an ally
  8655 | D:12     | Noticed a red ugly thing
  8657 | D:12     | Found a labyrinth entrance.
  8662 | D:12     | Killed a red ugly thing
  8669 | D:12     | Found Doeteokh's Jewellery Boutique.
  8677 | Lab      | Entered a labyrinth
  9173 | Lab      | Noticed a minotaur
  9194 | Lab      | Killed a minotaur
  9237 | Lab      | Got an ancient lapis lazuli ring
  9237 | Lab      | Got a slimy turquoise ring
  9238 | Lab      | Got a steaming spear
  9238 | Lab      | Got a slimy leather armour
  9238 | Lab      | Got a smoking ring mail
  9282 | D:11     | Identified the ring of Xuehimi {rElec rF- Str+2 Dex+4
                  | Slay+1} (You found it in a labyrinth)
  9284 | D:11     | Identified the ring "Efiujiwe" {*Drain rN+ Dex+5 Slay+2
                  | SInv} (You found it in a labyrinth)
  9290 | D:11     | Identified the +6 spear "Niruk" {freeze, +Blink Str+4} (You
                  | found it in a labyrinth)
  9347 | Lair:1   | Entered Level 1 of the Lair of Beasts
  9354 | Lair:1   | Reached ***** piety under Beogh
  9360 | Lair:1   | Gained Bogfrid as an ally
  9434 | Lair:1   | Reached skill level 10 in Axes
  9641 | Lair:1   | Reached skill level 10 in Fighting
 10109 | Lair:1   | Identified the +1 leather armour of Wioziane {rPois MR-
                  | rCorr Str+2} (You found it in a labyrinth)
 10119 | Lair:1   | Identified the cursed +0 ring mail of Gompism {rPois Dex+5}
                  | (You found it in a labyrinth)
 10147 | Lair:2   | Reached XP level 12. HP: 103/106 MP: 19/19
 10959 | Lair:3   | Reached skill level 10 in Invocations
 11317 | Lair:3   | Found a hole to the Spider Nest.
 11360 | Lair:3   | Noticed Sonja
 11364 | Lair:3   | Killed Sonja
 11972 | Lair:3   | Found a staircase to the Swamp.
 12421 | Lair:4   | Reached skill level 10 in Shields
 12422 | Lair:4   | Reached skill level 10 in Armour
 12447 | Lair:4   | Reached ****** piety under Beogh
 12660 | Lair:4   | Noticed a five-headed hydra
 12671 | Lair:4   | Killed a five-headed hydra
 12807 | Lair:4   | Reached XP level 13. HP: 86/116 MP: 19/21
 13779 | Lair:5   | Found a staircase to the Slime Pits.
 13831 | Lair:5   | Found a viscous altar of Jiyva.
 14539 | Lair:6   | Entered Level 6 of the Lair of Beasts
 14561 | Lair:6   | Your ally Bogfrid died
 14817 | Lair:6   | Reached XP level 14. HP: 111/126 MP: 20/23
 15026 | Lair:6   | Reached skill level 10 in Evocations
 15826 | Orc:1    | Entered Level 1 of the Orcish Mines
 15829 | Orc:1    | Noticed an orc warlord
 16017 | Orc:2    | Entered Level 2 of the Orcish Mines
 16019 | Orc:2    | Found a staircase to the Elven Halls.
 16259 | Orc:2    | Noticed Snorg
 16260 | Orc:2    | Noticed Erolcha
 16268 | Orc:2    | Killed Snorg
 16272 | Orc:2    | Killed Erolcha
 16384 | Orc:2    | Gained Orgrim as an ally
 16388 | Orc:2    | Found Zyhumiceseg's Antique Weapon Emporium.
 16388 | Orc:2    | Found Fuasotat's Gadget Boutique.
 16405 | Orc:2    | Found Ufevasao's Magic Scroll Boutique.
 16405 | Orc:2    | Found Yzycwy's Weapon Emporium.
 18973 | D:13     | Found a gate to the Vaults.
 19282 | D:14     | Gained Grimold as an ally
 20150 | D:15     | Entered Level 15 of the Dungeon
 20225 | D:15     | Found a glowing golden altar of the Shining One.
 20348 | D:15     | Reached XP level 15. HP: 135/135 MP: 24/24
 20483 | D:15     | Found a staircase to the Depths.
 21044 | Spider:1 | Entered Level 1 of the Spider Nest
 21366 | Spider:1 | Noticed Roxanne
 21615 | Spider:1 | Killed Roxanne
 21624 | Spider:1 | Learned a level 5 spell: Bolt of Magma
 22237 | Spider:2 | Noticed Azrael
 22247 | Spider:2 | Killed Azrael
 22301 | Spider:2 | Reached skill level 1 in Dodging
 22304 | Spider:2 | Reached skill level 1 in Fire Magic
 22511 | Spider:2 | Gained Herok as an ally
 22616 | Spider:2 | Your ally Herok died
 22698 | Spider:2 | Got a crude chain mail
 22709 | Spider:2 | Identified the cursed +0 chain mail of Proximity {Str+4
                  | Int+3} (You found it on level 2 of the Spider Nest)
 23015 | Spider:3 | Noticed an emperor scorpion
 23023 | Spider:3 | Blown up by an orb spider

Skill      XL: |  1  2  3  4  5  6  7  8  9 10 11 12 13 14 15 |
---------------+----------------------------------------------+-----
Axes           | 3 4 5 6 7 9 10 11 12 13 14 | 14.5
Fighting       | 4 5 6 7 9 10 11 12 13 | 13.8
Armour         | 4 5 6 7 8 9 10 11 12 | 12.8
Shields        | 4 5 6 7 8 9 10 11 12 | 12.7
Invocations    | 1 2 3 5 6 8 9 11 12 13 14 | 14.0
Evocations     | 1 2 4 5 6 7 8 9 10 11 | 11.1
Dodging        | 1 |  1.6
Fire Magic     | 2 |  2.0

Action                   |  1- 3 |  4- 6 |  7- 9 | 10-12 | 13-15 || total
-------------------------+-------+-------+-------+-------+-------++-------
Melee: War axe           |    77 |   162 |   521 |   570 |   885 ||  2215
Invok: Convert to Beogh  |       |     1 |       |       |       ||     1
       Recall Orcish Fol |       |       |       |     3 |     6 ||     9
       Stop Recall       |       |       |       |       |     4 ||     4
       Give Item to Name |       |       |       |       |     1 ||     1
Evoke: Wand              |       |       |       |     2 |    21 ||    23
  Use: Scroll            |       |     1 |    13 |    11 |     3 ||    28
       Potion            |       |       |     3 |     3 |     3 ||     9
 Stab: Distracted        |       |       |     1 |     3 |    11 ||    15
       Paralysed         |       |       |       |     1 |     1 ||     2
       Petrified         |       |       |       |       |    18 ||    18
  Eat: Chunk             |     1 |     5 |    10 |    17 |    23 ||    56
       Ration            |       |       |     1 |     1 |     3 ||     5
Armor: Scale mail        |    49 |    81 |   268 |       |       ||   398
       Plate armour      |       |       |   136 |   315 |   611 ||  1062
       Skin              |       |       |       |    11 |    12 ||    23
Dodge: Dodged            |    40 |    53 |   179 |   152 |   225 ||   649
Block: Shield            |    58 |    98 |   312 |   382 |   619 ||  1469
